AoeStats
← agustinparra1

Arabia

509725632Analyzed
2v2 RM · 5d ago on Sep 27, 2026· 37m 50s· 4 players
Game mode
Random Map
Map size
Medium (4 player)
Population
200
Speed
Normal
Resources
Standard
Victory
Conquest
Starting age
Dark Age
Ending age
Imperial Age
RankedLock teamsTeams togetherTeam positionsShared explorationLock speedFull tech treeHidden civsTurbo modeCheats
Victory
Defeat
🇺🇾 Vietnamese · Uruguay
757
+17
🇺🇾 Spanish · Uruguay
757
+17
🇩🇪 Persians · Germany
880
-66
🇬🇧 Huns · United Kingdom
663
-21
agustinparra1
12:02 Feudal Age
12:36 Horse Collar
12:43 Double-Bit Axe
13:37 Wheelbarrow
12:49 Town Watch
12:50 Loom
14:51 Gold Mining
14:51 Stone Mining
20:19 Castle Age
21:17 Hand Cart
21:05 Heavy Plow
21:24 Bow Saw
21:47 Hand Cart
22:15 Scale Barding Armor
22:26 Forging
31:01 Husbandry
31:42 Murder Holes
31:43 Man-at-Arms
32:41 Long Swordsman
37:04 Iron Casting
36:50 Chain Barding Armor
36:32 Scale Mail Armor
KNCD
1:10 Loom
13:13 Feudal Age
14:30 Wheelbarrow
16:37 Double-Bit Axe
17:20 Gold Mining
18:57 Town Watch
23:32 Castle Age
21:59 Horse Collar
22:12 Fletching
22:39 Stone Mining
24:15 Padded Archer Armor
24:13 Bodkin Arrow
32:43 Bloodlines
32:57 Forging
34:09 Scale Barding Armor
anil44
1:22 Loom
11:30 Feudal Age
13:51 Town Watch
14:43 Wheelbarrow
13:51 Man-at-Arms
16:28 Double-Bit Axe
16:47 Horse Collar
26:46 Castle Age
27:13 Bloodlines
33:06 Husbandry
33:32 Padded Archer Armor
33:23 Fletching
33:35 Scale Mail Armor
34:41 Light Cavalry
Bread
9:00 Feudal Age
13:14 Horse Collar
13:22 Double-Bit Axe
16:50 Wheelbarrow
18:05 Gold Mining
23:05 Castle Age
23:12 Pikeman
27:18 Hand Cart
Connection lost

Rejoining the realm…

Still unreachable

The connection could not be restored.

Session expired

The server has moved on; the page needs a fresh start.